Cogmind - Beta 15 @@@ ROGUE MODE // 2025.08.16 @ 03:54:42 Player: Cracklepappy Result: Destroyed by S-27 Virus with Autogun Performance ------------- Evolutions (5) 2500 Regions Visited (16) 3200 Robots Destroyed (265) 1325 Value Destroyed (8867) 8867 Prototype IDs (47) 940 Alien Tech Used (0) 0 Bonus (4290) 4290 TOTAL SCORE: 21122 Bonus ------- High Alert Combat Kills 563 Follower Combat Kills 814 Forged Quantum Companion 1000 Entered Garrisons 200 Registered with UFD 300 Met Optimus in HQ 500 Met Imprinter 300 Destroyed Z-Imprinter 1000 Friendly Fire -387 Cogmind --------- Core Integrity 0/1000 Matter 300/300 Energy 89/100 System Corruption 12% Temperature Cool (0) Movement Core (50) Location -5/Upper Caves Parts ------- > --- POWER (2) -------- (None) > --- PROPULSION (4) --- (None) > --- UTILITY (6) ------ Spectral Analyzer Tech Extrapolator > --- WEAPON (5) ------- Quantum Companion > --- INVENTORY (5) ---- Scrap Suit Deep Structural Scanner Plasma Cutter CR-A16's Pointy Stick Peak State ------------ > --- POWER ------------ Assembled Flux Generator > --- PROPULSION ------- Assembled Alloy Leg Assembled Alloy Leg > --- UTILITY ---------- Assembled Nanovents Assembled Nanovents Huge Storage Unit Assembled Biocell Array GOLEM Unit > --- WEAPON ----------- Assembled Focal Cannon Assembled Focal Cannon Assembled Focal Cannon Scatter Rocket Array Quantum Companion > --- INVENTORY -------- Reinforced Deuterium Engine Ballwheel Scrap Suit Experimental Heat Sink Zionite Biocell Zionite Biocell Matter Compressor Rocket Booster Deep Structural Scanner Spectral Analyzer A0-MCA's Component Scanner Tech Extrapolator High-powered Tractor Beam Hacking Drone Bay Overtuned Pulse Rifle Overtuned Pulse Rifle Zionite Phaser-S Plasma Cutter CPS Tube CR-A16's Pointy Stick [Rating: 137] Favorites ----------- Power Cooled Ion Engine Engine Cooled Ion Engine Reactor Assembled Flux Generator Propulsion Wheel Leg Assembled Alloy Leg Wheel Wheel Utility Huge Storage Unit Device Improved Heat Sink Storage Huge Storage Unit Processor Advanced Melee Analysis Suite Protection Zionite Light Carapace Weapon Improved Assault Rifle Energy Gun Beamcaster Energy Cannon Assembled Focal Cannon Ballistic Gun Improved Assault Rifle Ballistic Cannon Magnetic Acceleration Cannon Launcher Grenade Launcher Special Weapon Plasma Cutter Slashing Weapon Companion Sword Piercing Weapon CR-A16's Pointy Stick Special Melee Weapon Datajack Build | -11 -10 -10 -9 -9 -9 -9 -9 -6 -6 -6 -6 -6 -5 -5 -5 -5 ------- Run | Yrd Mat Min Mat Sto Gar Rec Scr Fac Low Low Zio Dee Pro Fac Upp Upp Slots Evolved 10 | . . . 2 . . . . 6 . . . . . 2 . . Power 1 | . . . . . . . . . . . . . . 1 . . Propulsion 2 | . . . . . . . . 2 . . . . . . . . Utility 4 | . . . . . . . . 3 . . . . . 1 . . Weapon 3 | . . . 2 . . . . 1 . . . . . . . . Parts Attached 163 | 9 19 8 17 9 6 5 13 32 6 9 2 18 . 8 2 . Power 12 | 1 . 2 2 . . . 1 4 1 . . 1 . . . . Engine 10 | 1 . 2 2 . . . 1 3 1 . . . . . . . Core . | . . . . . . . . . . . . . . . . . Reactor 2 | . . . . . . . . 1 . . . 1 . . . . Propulsion 38 | 3 5 1 5 . 2 4 2 9 . 3 . 1 . 2 1 . Treads . | . . . . . . . . . . . . . . . . . Leg . | . . . . . . . . . . . . . . . . . Wheel 38 | 3 5 1 5 . 2 4 2 9 . 3 . 1 . 2 1 . Hover . | . . . . . . . . . . . . . . . . . Flight . | . . . . . . . . . . . . . . . . . Utility 44 | 3 7 2 1 1 . . 4 6 3 1 2 9 . 5 . . Device 27 | 2 4 2 . 1 . . 3 6 . 1 1 4 . 3 . . Storage 6 | 1 3 . . . . . 1 . . . . 1 . . . . Processor 6 | . . . 1 . . . . . 3 . . . . 2 . . Hackware . | . . . . . . . . . . . . . . . . . Protection 5 | . . . . . . . . . . . 1 4 . . . . Artifact . | . . . . . . . . . . . . . . . . . Weapon 69 | 2 7 3 9 8 4 1 6 13 2 5 . 7 . 1 1 . Energy Gun 16 | . 4 . 2 . . . 1 1 . 2 . 5 . . 1 . Energy Cannon 5 | . . 1 2 1 . . 1 . . . . . . . . . Ballistic Gun 25 | 2 1 1 5 3 3 . 4 5 1 . . . . . . . Ballistic Cannon 10 | . . 1 . 2 . . . 4 1 2 . . . . . . Launcher 4 | . 2 . . 1 . . . 1 . . . . . . . . Special Weapon 6 | . . . . 1 1 . . 1 . 1 . 2 . . . . Impact Weapon . | . . . . . . . . . . . . . . . . . Slashing Weapon 1 | . . . . . . . . 1 . . . . . . . . Piercing Weapon 1 | . . . . . . . . . . . . . . 1 . . Special Melee Weapon 1 | . . . . . . 1 . . . . . . . . . . Unidentified Prototypes 17 | . . . 3 2 . . . 2 . . 1 9 . . . . Corrupted Parts 4 | . . 4 . . . . . . . . . . . . . . System Corruption 10 | . . 10 . . . . . . . . . . . . . . Parts Lost 45 | . 3 1 1 . 2 . . 9 . . . 3 . 25 . 1 Power 2 | . . . . . . . . 1 . . . . . 1 . . Propulsion 13 | . 1 1 1 . 2 . . 1 . . . . . 6 . 1 Utility 17 | . . . . . . . . 2 . . . 3 . 12 . . Weapon 13 | . 2 . . . . . . 5 . . . . . 6 . . Highest Loss Streak 9 | . 1 1 1 . 1 . . 5 . . . 2 . 9 . 1 To Critical Strikes 2 | . . . . . . . . . . . . . . 2 . . Average Backups 21 | 6 21 24 24 24 24 24 22 20 20 20 20 20 21 20 4 4 Power 1 | . 1 1 1 1 1 2 2 . . . . . . . . . Propulsion 1 | 3 2 1 1 2 . . 1 1 2 1 1 1 1 . . . Utility 8 | . 9 12 9 7 7 7 6 7 8 10 10 12 13 11 2 2 Weapon 8 | 1 7 9 10 13 13 13 9 7 7 6 6 4 5 4 1 1 Tool/Special . | . . . . . . . . . . . . . . . . . Unused Backups 58 | 2 6 4 14 9 1 2 9 1 1 1 1 5 . 1 . 1 Power 4 | . . . 1 . . . 3 . . . . . . . . . Propulsion 6 | 2 3 . . . . . 1 . . . . . . . . . Utility 25 | . 1 3 8 1 . . 4 . . 1 1 4 . 1 . 1 Weapon 23 | . 2 1 5 8 1 2 1 1 1 . . 1 . . . . Tool/Special . | . . . . . . . . . . . . . . . . . Average Slot Usage (%) 92 | . 99 99 99 99 99 98 86 89 100 98 90 86 92 80 22 23 Engine 8 | . 14 14 11 11 11 11 10 5 6 6 6 5 6 . . . Leg 1 | . . . . . . . . . . . . 1 13 9 . . Wheel 21 | . 27 27 21 22 21 22 22 19 26 25 26 23 13 9 4 5 Device 11 | . 14 14 10 11 11 11 9 22 8 7 13 8 13 15 . . Storage 9 | . 14 14 11 11 11 11 10 6 6 6 6 6 13 10 . . Processor 2 | . . . . . . . . . 17 17 6 3 . . 11 11 Energy Gun 2 | . 18 . . . 5 10 1 . . . . 2 . . . . Energy Cannon 4 | . . . 13 10 5 . . . . . . 3 19 15 . . Ballistic Gun 14 | . 7 . 24 27 22 31 22 16 16 17 5 2 . . . . Ballistic Cannon 6 | . . . 4 4 10 . 4 9 9 8 15 10 5 4 . . Launcher 2 | . 2 28 . . . . . . . . . 2 . . . . Slashing Weapon 2 | . . . . . . . . 5 6 6 6 5 6 5 5 5 Peak Build Rating 137 | 9 11 17 27 28 30 29 32 66 63 67 71 113 110 137 34 30 Average Rating 44 | 7 9 10 24 25 28 28 24 57 59 60 64 72 108 120 29 29 On Entrance 41 | . 9 10 17 26 26 29 17 32 63 59 67 68 109 109 29 30 Naked Turns . | . . . . . . . . . . . . . . . . . Heaviest Build 180 | 13 92 95 108 105 105 103 106 129 129 132 132 157 155 180 2 2 Greatest Support 60 | 26 20 20 20 20 22 32 32 60 46 52 48 60 60 60 16 3 Greatest Overweight (x) 19 | 4 9 9 10 5 5 4 5 4 2 2 2 19 2 11 . . Average Overweight (x) 2 | 1 2 4 5 4 4 3 3 1 2 2 2 2 2 1 . . Largest Inventory Capacity 25 | 8 25 25 25 25 25 25 25 25 25 25 25 25 25 25 5 5 Average Capacity 23 | 7 22 25 25 25 25 25 24 25 25 25 25 25 25 24 5 5 Most Carried 25 | 8 25 25 25 25 25 25 25 25 25 25 25 25 25 25 5 5 Average Carried 23 | 6 21 24 24 24 24 24 23 23 24 24 24 24 24 23 5 5 Final Capacity 25 | 8 25 25 25 25 25 25 25 25 25 25 25 25 25 5 5 5 Final Carried 25 | 8 25 25 25 25 25 24 25 25 25 25 25 25 25 5 5 5 Class Distribution -------------------- 27% | Gunner 21% | Mutant 11% | Scavenger-Gunner 10% | Scavenger-Golem 8% | Scavenger-Skirmisher 6% | Scavenger-Scrapper 5% | Bomber Dominant Class ---------------- Mutant | -10/Materials Mutant | -10/Mines Bomber | -9/Materials Gunner | -9/Storage Gunner | -9/Garrison Gunner | -9/Recycling Gunner | -9/Scraptown Scavenger-Gunner | -6/Factory Scavenger-Gunner | -6/Lower Caves Scavenger-Gunner | -6/Lower Caves Scavenger-Skirmisher | -6/Zion Scavenger-Scrapper | -6/Deep Caves Scavenger-Golem | -5/Proximity Caves Scavenger-Golem | -5/Factory Mutant | -5/Upper Caves Mutant | -5/Upper Caves Resources | -11 -10 -10 -9 -9 -9 -9 -9 -6 -6 -6 -6 -6 -5 -5 -5 -5 ----------- Run | Yrd Mat Min Mat Sto Gar Rec Scr Fac Low Low Zio Dee Pro Fac Upp Upp Matter Collected 7042 | 516 498 396 952 659 598 347 723 779 109 120 100 516 406 252 66 5 Remotely 120 | 120 . . . . . . . . . . . . . . . . Salvage Created 11222 | 332 582 218 1542 1700 891 673 99 2050 421 427 . 284 402 1289 178 134 Parts 624 | 33 52 18 99 99 67 23 5 85 16 13 . 27 22 62 1 2 Haulers Intercepted 18 | . 2 . 6 6 . . . 2 . . . . . 2 . . Recyclers Shooed 8 | . . . 4 . . 1 . 3 . . . . . . . . Parts Field Recycled . | . . . . . . . . . . . . . . . . . Retrieved Matter . | . . . . . . . . . . . . . . . . . Parts Self-Destructed 38 | . . . . . . . . . 14 15 . . 9 . . . Prevented . | . . . . . . . . . . . . . . . . . Kills | -11 -10 -10 -9 -9 -9 -9 -9 -6 -6 -6 -6 -6 -5 -5 -5 -5 ------- Run | Yrd Mat Min Mat Sto Gar Rec Scr Fac Low Low Zio Dee Pro Fac Upp Upp Combat Hostiles Destroyed 169 | . 16 8 26 26 23 3 2 19 1 2 . 13 10 20 . . Melee 30 | . . . . . . . . 15 1 2 . . . 12 . . Guns 58 | . 11 . 16 13 11 3 1 3 . . . . . . . . Cannons 34 | . . . 8 10 9 . 1 1 . . . 1 1 3 . . AOE 45 | . 5 8 2 3 2 . . . . . . 11 9 5 . . Classes Destroyed 24 | 3 3 1 3 2 2 . 2 1 2 1 . 3 1 . . . Worker 25 | 4 4 . 4 2 . . . 7 . . . . . 4 . . Builder 11 | . . . 3 1 . . . 6 . . . . . 1 . . Tunneler 10 | 9 . . . . . . . . . . . . . 1 . . Hauler 18 | . 2 . 6 6 . . . 2 . . . . . 2 . . Recycler 21 | 1 1 1 3 3 . 6 . 5 . . . . . 1 . . Mechanic 6 | . . 2 . 2 . . . 1 . . . . . 1 . . Operator 2 | . . . . 1 . . . 1 . . . . . . . . Watcher 6 | . . . 3 2 . . . . . . . . . 1 . . Swarmer 43 | . 8 3 7 7 1 . . 4 . 1 . . 9 3 . . Saboteur 4 | . . . . . 3 . . . . . . . . 1 . . Grunt 59 | . 8 5 12 10 8 . . 9 . 1 . . . 6 . . Brawler 3 | . . . . . . . . 2 . . . . . 1 . . Duelist 2 | . . . . 2 . . . . . . . . . . . . Sentry 25 | . . . 7 7 6 3 . 2 . . . . . . . . Hunter 4 | . . . . . . . . . . . . . 1 3 . . Programmer 14 | . . . . . 6 . . 2 . . . . . 6 . . Ranger 1 | . . . . . . . 1 . . . . . . . . . Scrapper 1 | . . . . . . . 1 . . . . . . . . . Scrapoid 1 | . . . . . . . . . 1 . . . . . . . Z-Light 5 | . . . . . . . . . . . . 5 . . . . Decomposer 2 | . . . . . . . . . 2 . . . . . . . Packrat 4 | . . . . . . . . . . . . . 2 . 1 1 Samaritan 5 | . . . . . . . . . 1 2 . . . . . 2 Tinkerer 1 | . . . . . . . . . . 1 . . . . . . Assembled 6 | . . . . . . . . . . . . 6 . . . . Golem 1 | . . . . . . . . . . . . 1 . . . . Thug 1 | . . . . 1 . . . . . . . . . . . . Savage 1 | . . . . . . . . . 1 . . . . . . . Best Kill Streak 19 | 5 5 3 8 8 6 3 1 5 1 1 . 6 5 19 . . Combat Bots Only 13 | . 5 3 4 7 6 1 1 4 1 1 . 6 5 13 . . Max Kills in Single Turn 5 | 1 3 3 3 4 2 2 1 2 1 1 . 3 5 5 1 1 Gunslinging 1 | . 1 . . . . . . . . . . . . . . . Exploded 5 | . 2 2 2 3 1 . . . . . . 3 5 4 . . Melee 1 | . . . . . . . . 1 1 1 . . . 1 . . Uniques/NPCs Destroyed 1 | . . . . . . . . . . . . 1 . . . . Z-Imprinter (-6/Deep Caves) Combat | -11 -10 -10 -9 -9 -9 -9 -9 -6 -6 -6 -6 -6 -5 -5 -5 -5 -------- Run | Yrd Mat Min Mat Sto Gar Rec Scr Fac Low Low Zio Dee Pro Fac Upp Upp Hostile Shots Fired 959 | . 49 15 68 50 53 2 6 263 6 16 . 33 25 369 . 4 Missed 295 | . 8 7 22 12 25 . 1 69 4 4 . 10 10 122 . 1 Deflected 1 | . . . . . . . . . . . . . . 1 . . Hits 664 | . 41 8 46 38 28 2 5 194 2 12 . 23 15 247 . 3 Melee 6 | . . . . . . . . 1 . . . . . 5 . . Projectile 658 | . 41 8 46 38 28 2 5 193 2 12 . 23 15 242 . 3 AOE 1 | . . . . . . . . . . . . . . 1 . . Critical Strikes 24 | . . 1 . 2 . . . 6 . . . . . 15 . . Damage Taken 10278 | . 429 138 570 427 442 28 40 2325 77 246 . 906 247 4346 . 57 Core 1844 | . 132 16 65 46 35 . 11 263 8 64 . 162 33 967 . 42 Absorbed by Shields 74 | . . . . . . . . 74 . . . . . . . . Redirected to Shielding 200 | . . . . . . . . . . . . 200 . . . . Ignored by Resistances 131 | . . . . . . . . 131 . . . . . . . . Regen/Repaired (Parts) 85 | . . . . 83 . . . . . 2 . . . . . . Core Remaining (%) 59 | 100 . 40 . . . . 60 . . . . . 37 . . . Volleys Fired 388 | 63 42 8 67 51 65 17 6 25 . 1 . 15 10 18 . . Largest 4 | 2 2 2 4 4 4 4 4 4 . 1 . 3 3 3 . . Hottest 197 | 40 90 60 197 139 154 144 109 130 . . . 116 75 75 . . Shots Fired 1047 | 126 80 16 256 190 163 69 15 49 . 2 . 23 26 32 . . Gun 658 | 126 72 . 138 123 87 69 9 22 . 1 . 11 . . . . Cannon 344 | . . . 117 66 74 . 6 25 . . . 2 24 30 . . Launcher 38 | . 8 16 1 1 2 . . . . . . 6 2 2 . . Special 7 | . . . . . . . . 2 . 1 . 4 . . . . Kinetic 682 | 126 18 . 174 140 105 53 15 47 . 1 . 3 . . . . Thermal 295 | . 39 . 81 49 56 16 . . . . . . 24 30 . . Explosive 38 | . 8 16 1 1 2 . . . . . . 6 2 2 . . Electromagnetic 25 | . 15 . . . . . . . . . . 10 . . . . Robot Hit Streak 24 | 7 13 7 24 14 20 10 6 13 . 14 . 7 2 15 . . Robot Miss Streak 16 | 4 3 1 10 3 3 4 2 1 . . . 16 9 5 . . Penetration Max . | . . . . . . . . . . . . . . . . . Secondary Targets 3 | . 2 . 1 . . . . . . . . . . . . . Max Gunslinging Chain 1 | . 1 . 1 . . . . . . . . . . . . . Autonomous 6 | . . . . . . . . . . . . . . 6 . . Shots Hit Robots 746 | 70 47 7 147 100 76 44 29 114 11 15 . 14 10 55 3 4 Core Hits 494 | 26 34 17 81 58 35 15 3 46 8 8 . 43 14 104 1 1 Critical Kills 3 | 1 . . . . 1 . . 1 . . . . . . . . Critical Parts Destroyed 3 | . . . 1 1 . . 1 . . . . . . . . . Critical Strikes 11 | 1 . . 2 2 1 . 1 2 . . . . . 2 . . Burn 1 | . . . 1 . . . . . . . . . . . . . Meltdown 1 | . . . . . 1 . . . . . . . . . . . Destroy 5 | 1 . . 1 1 . . 1 1 . . . . . . . . Blast 2 | . . . . 1 . . . 1 . . . . . . . . Melee Attacks 236 | . . . . . . 4 22 112 11 16 . 1 2 56 7 5 Impact . | . . . . . . . . . . . . . . . . . Slashing 210 | . . . . . . . . 112 11 16 . 1 2 56 7 5 Piercing . | . . . . . . . . . . . . . . . . . Sneak Attacks 75 | . . . . . . 4 22 26 7 4 . . 2 5 1 4 Combat Hostiles 1 | . . . . . . . . . 1 . . . . . . . Follow-up Attacks 2 | . . . . . . . . 2 . . . . . . . . Damage Inflicted 25226 | 523 950 712 3059 2195 1625 658 98 5090 736 1001 . 1424 932 5364 353 506 Guns 5852 | 523 520 . 1521 1255 955 658 59 243 . 12 . 106 . . . . Cannons 4579 | . . . 1274 755 602 . 39 234 . . . 28 339 1308 . . Explosions 5501 | . 430 712 264 185 68 . . . . . . 1219 413 2210 . . Melee 9294 | . . . . . . . . 4613 736 989 . 71 180 1846 353 506 Ramming . | . . . . . . . . . . . . . . . . . Kinetic 6396 | 523 82 . 2076 1484 1083 533 98 477 . 12 . 28 . . . . Thermal 3270 | . 295 . 719 526 474 125 . . . . . . 339 792 . . Explosive 5313 | . 430 712 76 185 68 . . . . . . 1219 413 2210 . . Electromagnetic 437 | . 143 . 188 . . . . . . . . 106 . . . . Impact . | . . . . . . . . . . . . . . . . . Slashing 9294 | . . . . . . . . 4613 736 989 . 71 180 1846 353 506 Piercing . | . . . . . . . . . . . . . . . . . Phasic 516 | . . . . . . . . . . . . . . 516 . . Highest Corruption 12 | . . 10 1 4 6 6 6 3 3 3 3 . . 12 12 12 Average Corruption 3 | . . 3 1 2 5 6 6 2 3 3 3 . . 4 12 12 Corruption Purged . | . . . . . . . . . . . . . . . . . Corruption Blocked . | . . . . . . . . . . . . . . . . . Effects 196 | . . 5 14 21 48 30 6 15 18 12 3 . . 13 9 2 Message Errors 49 | . . 2 4 5 9 3 3 3 4 8 2 . . 2 4 . Matter Fused 48 | . . 2 1 6 12 10 2 3 4 1 . . . 4 2 1 Heat Flow Errors 16 | . . . 2 . 4 2 1 3 3 . . . . 1 . . Energy Discharges 24 | . . . 4 1 3 5 . 2 2 1 1 . . 3 2 . Parts Rejected 3 | . . . . . 2 . . 1 . . . . . . . . Parts Fused 5 | . . . . . 3 1 . . 1 . . . . . . . Data Loss (minor) 24 | . . 1 3 4 7 3 . 2 3 1 . . . . . . Data Loss (major) 9 | . . . . 2 3 2 . . 1 . . . . . 1 . Misfires 8 | . . . . . 3 2 . . . 1 . . . 2 . . Alerts 5 | . . . . 2 1 1 . 1 . . . . . . . . Misdirections 2 | . . . . . . . . . . . . . . 1 . 1 Weapon Failures 3 | . . . . 1 1 1 . . . . . . . . . . Overload Shots . | . . . . . . . . . . . . . . . . . Overflow Damage 2111 | . 6 3 . 45 . . . 600 114 261 . 80 86 382 204 330 Projectiles 193 | . . . . . . . . . . . . . . 193 . . Explosions 93 | . 6 3 . 45 . . . . . . . 21 15 3 . . Melee 1825 | . . . . . . . . 600 114 261 . 59 71 186 204 330 Knockbacks 9 | . . . 5 1 2 . . 1 . . . . . . . . Impact . | . . . . . . . . . . . . . . . . . Kinetic 8 | . . . 4 1 2 . . 1 . . . . . . . . Secondary 1 | . . . 1 . . . . . . . . . . . . . Self-Inflicted Damage 244 | . 19 34 . . . . . . . . . 137 . 54 . . Shots 13 | . 1 2 . . . . . . . . . 7 . 3 . . Rammed . | . . . . . . . . . . . . . . . . . Targets Rammed . | . . . . . . . . . . . . . . . . . Kicked . | . . . . . . . . . . . . . . . . . Crushed . | . . . . . . . . . . . . . . . . . Highest Temperature 315 | . 24 17 315 99 234 137 183 211 121 . . 120 . 50 . . Average Temperature 48 | . 10 12 71 22 46 27 105 119 53 . . 50 . 25 . . Received Heat Transfer 2145 | . 162 48 192 135 78 9 . 750 12 . . 162 . 597 . . Siege Activations . | . . . . . . . . . . . . . . . . . Martial Activations . | . . . . . . . . . . . . . . . . . Shielding Activations . | . . . . . . . . . . . . . . . . . Robots Disrupted 3 | . . . . . . . . 2 . 1 . . . . . . Combat Hostiles . | . . . . . . . . . . . . . . . . . Robots Corrupted 2 | . 1 . . . . . . . . . . 1 . . . . Combat Hostiles 1 | . . . . . . . . . . . . 1 . . . . Parts Fried 1 | . 1 . . . . . . . . . . . . . . . Impact Corruptions . | . . . . . . . . . . . . . . . . . Robots Melted 1 | . . . . . 1 . . . . . . . . . . . Combat Hostiles 1 | . . . . . 1 . . . . . . . . . . . Parts Melted 7 | . 1 . 3 . 2 . 1 . . . . . . . . . Heat Transferred 4477 | . 769 . 1295 851 740 222 . . . . . . 175 425 . . Parts Sabotaged . | . . . . . . . . . . . . . . . . . Parts Stolen . | . . . . . . . . . . . . . . . . . Parts Stripped . | . . . . . . . . . . . . . . . . . Power Chain Reactions . | . . . . . . . . . . . . . . . . . Alert | -11 -10 -10 -9 -9 -9 -9 -9 -6 -6 -6 -6 -6 -5 -5 -5 -5 ------- Run | Yrd Mat Min Mat Sto Gar Rec Scr Fac Low Low Zio Dee Pro Fac Upp Upp Maximum Alert Level 5 | . 1 1 1 1 5 3 . 1 . . . . . 1 . . Low Security (%) 63 | 100 73 85 77 43 . . . 93 . . . . . 88 . . Level 1 18 | . 26 14 22 56 13 . . 6 . . . . . 11 . . Level 2 3 | . . . . . 13 18 . . . . . . . . . . Level 3 8 | . . . . . 15 81 . . . . . . . . . . Level 4 4 | . . . . . 38 . . . . . . . . . . . Level 5 2 | . . . . . 19 . . . . . . . . . . . High Security . | . . . . . . . . . . . . . . . . . Max Security . | . . . . . . . . . . . . . . . . . Peak Influence 1737 | 10 352 286 238 394 1737 840 . 238 . . . . . 318 . . Initial 781 | . . 130 . 78 222 781 . . . . . . . . . . Average 283 | . 111 91 126 247 1123 750 . 99 . . . . . 43 . . Influence Increases 6946 | 70 617 321 923 984 1675 277 . 790 188 191 . . 230 675 5 . Destroy 0b10 Robot/C 3640 | . 320 200 520 540 720 60 . 420 120 140 . . 200 400 . . Destroy 0b10 Robot/NC 530 | 70 35 15 95 90 . 35 . 115 10 5 . . . 55 5 . Destroy Leader 620 | . 74 30 148 126 10 . . 96 20 20 . . 30 66 . . Allied During Kill 238 | . . 2 . 4 140 9 . 19 38 26 . . . . . . Successful Hack 178 | . 36 . 17 51 14 7 . 53 . . . . . . . . Select Force Hacks 180 | . 30 . . . . 150 . . . . . . . . . . Disable Machine 225 | . 15 . 60 75 30 15 . 15 . . . . . 15 . . Anti-Garrison Action 700 | . . . . . 700 . . . . . . . . . . . Destroy Structure 260 | . 32 74 23 23 31 1 . 12 . . . . . 64 . . Partial Spotted 15 | . . . . 15 . . . . . . . . . . . . Lose Combat Pursuer 360 | . 75 . 60 60 30 . . 60 . . . . . 75 . . Influence Decreases 6946 | 70 281 657 738 827 280 1348 666 570 367 227 5 . 230 455 192 33 Entered New Map 2240 | . . 206 . 107 120 956 666 . 82 9 5 . . . 82 7 Time Decay 3760 | 70 251 421 578 550 . 392 . 470 285 168 . . 230 215 110 20 Lost Part 406 | . 30 10 10 . 20 . . 90 . . . . . 240 . 6 Lost Ally 240 | . . 20 . 20 140 . . 10 . 50 . . . . . . Purge Threat 300 | . . . 150 150 . . . . . . . . . . . . Squads Dispatched 23 | . 3 2 2 2 . . . 7 . . . . . 7 . . Investigation 6 | . 2 . 1 . . . . 2 . . . . . 1 . . Extermination 6 | . . . . . . . . 3 . . . . . 3 . . Reinforcement 7 | . 1 . 1 . . . . 2 . . . . . 3 . . Assault 4 | . . 2 . 2 . . . . . . . . . . . . Garrison . | . . . . . . . . . . . . . . . . . Intercept . | . . . . . . . . . . . . . . . . . Searches Triggered . | . . . . . . . . . . . . . . . . . Construction Impeded 3 | . . . 1 . . . . . . . . . . 2 . . Haulers Reinforced 1 | . . . . . . . . . . . . . . 1 . . Active Scanning Responses . | . . . . . . . . . . . . . . . . . Cargo Convoy Interrupts 1 | . . . . . . . . . . . . . . 1 . . Stealth | -11 -10 -10 -9 -9 -9 -9 -9 -6 -6 -6 -6 -6 -5 -5 -5 -5 --------- Run | Yrd Mat Min Mat Sto Gar Rec Scr Fac Low Low Zio Dee Pro Fac Upp Upp Distress Signals 13 | . 3 . 2 3 . . . 2 . . . . . 3 . . Communications Jammed . | . . . . . . . . . . . . . . . . . Distress Signals . | . . . . . . . . . . . . . . . . . Times Spotted 259 | . 27 7 40 34 34 1 5 34 4 5 . 14 10 40 . 4 Peak Tracking Total 17 | . 6 4 4 5 5 1 3 5 4 4 . 5 5 17 . 5 Tactical Retreats 16 | . 3 . 3 3 1 . 1 2 . . . . . 3 . . Traps | -11 -10 -10 -9 -9 -9 -9 -9 -6 -6 -6 -6 -6 -5 -5 -5 -5 ------- Run | Yrd Mat Min Mat Sto Gar Rec Scr Fac Low Low Zio Dee Pro Fac Upp Upp Traps Triggered 15 | . 1 1 2 7 3 . . 1 . . . . . . . . Indirectly . | . . . . . . . . . . . . . . . . . Trap Hack Attempts . | . . . . . . . . . . . . . . . . . Triggered . | . . . . . . . . . . . . . . . . . Disarmed . | . . . . . . . . . . . . . . . . . Reprogrammed . | . . . . . . . . . . . . . . . . . Reused . | . . . . . . . . . . . . . . . . . Traps Extracted 5 | . . 5 . . . . . . . . . . . . . . Installed . | . . . . . . . . . . . . . . . . . Triggered . | . . . . . . . . . . . . . . . . . Most Traps Carried 5 | . . 5 5 5 5 5 5 . . . . . . . . . Machines | -11 -10 -10 -9 -9 -9 -9 -9 -6 -6 -6 -6 -6 -5 -5 -5 -5 ---------- Run | Yrd Mat Min Mat Sto Gar Rec Scr Fac Low Low Zio Dee Pro Fac Upp Upp Machines Disabled 30 | . 1 . 4 5 12 1 2 1 . . 3 . . 1 . . Max in Single Turn 3 | . 1 . 3 1 1 1 1 1 . . 1 . . 1 . . Garrison Relay 9 | . . . . . 9 . . . . . . . . . . . Machines Repaired . | . . . . . . . . . . . . . . . . . Machines Dismantled 6 | . . . . 2 1 . . . . . 3 . . . . . Machines Sabotaged . | . . . . . . . . . . . . . . . . . Overloaded Fab Kills . | . . . . . . . . . . . . . . . . . Hacking | -11 -10 -10 -9 -9 -9 -9 -9 -6 -6 -6 -6 -6 -5 -5 -5 -5 --------- Run | Yrd Mat Min Mat Sto Gar Rec Scr Fac Low Low Zio Dee Pro Fac Upp Upp Machines Accessed 65 | . 8 1 9 11 4 11 5 8 1 . 1 . . 5 1 . Terminals 39 | . 7 . 6 9 4 5 . 4 . . . . . 3 1 . Fabricators 2 | . . . . . . . . 2 . . . . . . . . Repair Stations 2 | . . . . 1 . . . 1 . . . . . . . . Recycling Units 9 | . 1 . 1 . . 6 . 1 . . . . . . . . Scanalyzers 2 | . . . 2 . . . . . . . . . . . . . Garrison Access 3 | . . . . 1 . . . . . . . . . 2 . . Total Hacks 202 | . 27 1 27 32 10 31 44 16 1 . 2 . . 10 1 . Successful 120 | . 15 1 17 15 2 16 44 5 1 . 2 . . 1 1 . Failed 81 | . 11 . 10 17 8 15 . 11 . . . . . 9 . . Catastrophic 18 | . 4 . 3 4 1 3 . . . . . . . 3 . . Database Lockouts 1 | . 1 . . . . . . . . . . . . . . . Manual 57 | . 16 . 9 11 1 14 . 3 . . . . . 3 . . Terminals 103 | . 24 . 15 26 10 14 . 7 . . . . . 6 1 . Fabricators 3 | . . . . . . . . 3 . . . . . . . . Repair Stations 6 | . . . . 2 . . . 4 . . . . . . . . Recycling Units 25 | . 3 . 3 . . 17 . 2 . . . . . . . . Scanalyzers 9 | . . . 9 . . . . . . . . . . . . . Garrison Access 8 | . . . . 4 . . . . . . . . . 4 . . Terminal Hacks 79 | . 8 1 3 11 1 5 44 2 1 . 2 . . . 1 . Record 40 | . . . . . . . 39 . . . . . . . 1 . Part Schematic 8 | . 1 . . 3 . 2 . . . . 2 . . . . . Robot Schematic 1 | . 1 . . . . . . . . . . . . . . . Robot Analysis 4 | . . . . . . . 4 . . . . . . . . . Prototype ID Bank 7 | . 1 . 1 1 . 3 . 1 . . . . . . . . Open Door 4 | . . 1 . 1 . . 1 . 1 . . . . . . . Branch Access Points 2 | . 1 . . . . . . 1 . . . . . . . . Emergency Access Points 1 | . 1 . . . . . . . . . . . . . . . Terminal Index 1 | . 1 . . . . . . . . . . . . . . . Unreport Threat 2 | . . . 1 1 . . . . . . . . . . . . Locate Traps 4 | . 1 . . 3 . . . . . . . . . . . . Hauler Manifests 2 | . . . 1 1 . . . . . . . . . . . . Registered Components 1 | . . . . 1 . . . . . . . . . . . . Zone Layout 1 | . 1 . . . . . . . . . . . . . . . Garrison Registry 1 | . . . . . 1 . . . . . . . . . . . Fabricator Hacks 1 | . . . . . . . . 1 . . . . . . . . Network Status 1 | . . . . . . . . 1 . . . . . . . . Repair Station Hacks 3 | . . . . 2 . . . 1 . . . . . . . . Scan Component 2 | . . . . 1 . . . 1 . . . . . . . . Repair 1 | . . . . 1 . . . . . . . . . . . . Recycling Unit Hacks 7 | . 1 . . . . 6 . . . . . . . . . . Retrieve Components 7 | . 1 . . . . 6 . . . . . . . . . . Scanalyzer 8 | . . . 8 . . . . . . . . . . . . . Insert Component 4 | . . . 4 . . . . . . . . . . . . . Analyze 4 | . . . 4 . . . . . . . . . . . . . Garrison Access Hacks 1 | . . . . 1 . . . . . . . . . . . . Unlock Access 1 | . . . . 1 . . . . . . . . . . . . Unauthorized Hacks 21 | . 6 . 6 1 1 5 . 1 . . . . . 1 . . Terminals 13 | . 5 . 6 . 1 . . . . . . . . 1 . . Operators 2 | . 1 . 1 . . . . . . . . . . . . . Skim 10 | . 4 . 5 . . . . . . . . . . 1 . . Override 1 | . . . . . 1 . . . . . . . . . . . Fabricators . | . . . . . . . . . . . . . . . . . Repair Stations . | . . . . . . . . . . . . . . . . . Recycling Units 7 | . 1 . . . . 5 . 1 . . . . . . . . Tunnel 6 | . 1 . . . . 5 . . . . . . . . . . Scrapoids 1 | . . . . . . . . 1 . . . . . . . . Scanalyzers . | . . . . . . . . . . . . . . . . . Garrison Access 1 | . . . . 1 . . . . . . . . . . . . Broadcast 1 | . . . . 1 . . . . . . . . . . . . Data Cores Recovered . | . . . . . . . . . . . . . . . . . Used . | . . . . . . . . . . . . . . . . . Hacking Detections 54 | . 8 . 9 11 4 9 . 8 . . . . . 5 . . Full Trace Events 7 | . . . . 1 2 2 . 1 . . . . . 1 . . Feedback Events . | . . . . . . . . . . . . . . . . . Feedback Blocked . | . . . . . . . . . . . . . . . . . Robot Schematics Acquired 1 | . 1 . . . . . . . . . . . . . . . Robots Built . | . . . . . . . . . . . . . . . . . Authchips . | . . . . . . . . . . . . . . . . . Time . | . . . . . . . . . . . . . . . . . Total Robot Build Rating . | . . . . . . . . . . . . . . . . . Part Schematics Acquired 15 | . 1 . 4 3 . 2 . . . . 2 . . . 3 . Parts Built . | . . . . . . . . . . . . . . . . . Authchips . | . . . . . . . . . . . . . . . . . Time . | . . . . . . . . . . . . . . . . . Total Part Build Rating . | . . . . . . . . . . . . . . . . . Parts Repaired 1 | . . . . 1 . . . . . . . . . . . . Time 38 | . . . . 38 . . . . . . . . . . . . Parts Recycled . | . . . . . . . . . . . . . . . . . Recycled Matter . | . . . . . . . . . . . . . . . . . Retrieved Matter . | . . . . . . . . . . . . . . . . . Retrieved Components 13 | . 3 . . . . 10 . . . . . . . . . . Parts Scanalyzed 4 | . . . 4 . . . . . . . . . . . . . Part Schematics Acquired 4 | . . . 4 . . . . . . . . . . . . . Parts Damaged . | . . . . . . . . . . . . . . . . . Bothacking | -11 -10 -10 -9 -9 -9 -9 -9 -6 -6 -6 -6 -6 -5 -5 -5 -5 ------------ Run | Yrd Mat Min Mat Sto Gar Rec Scr Fac Low Low Zio Dee Pro Fac Upp Upp Used RIF Installer . | . . . . . . . . . . . . . . . . . Robots Hacked 21 | . . . . . . 4 17 . . . . . . . . . Non-combat 7 | . . . . . . 2 5 . . . . . . . . . Combat 14 | . . . . . . 2 12 . . . . . . . . . Robot Hacks Applied 25 | . . . . . . 4 21 . . . . . . . . . parse_system 25 | . . . . . . 4 21 . . . . . . . . . Relay Couplers Released 34 | . . . . . 34 . . . . . . . . . . . Machine Destruction 34 | . . . . . 34 . . . . . . . . . . . Fabnet Peak Effective % . | . . . . . . . . . . . . . . . . . Robots Rewired 3 | . . . . . 2 . . 1 . . . . . . . . Allies Hacked 1 | . . . . . 1 . . . . . . . . . . . Hacks Repelled . | . . . . . . . . . . . . . . . . . Allies | -11 -10 -10 -9 -9 -9 -9 -9 -6 -6 -6 -6 -6 -5 -5 -5 -5 -------- Run | Yrd Mat Min Mat Sto Gar Rec Scr Fac Low Low Zio Dee Pro Fac Upp Upp Total Allies 21 | . . 1 . 12 2 . . 6 . . . . . . . . Largest Group 10 | . . 1 . 10 10 2 2 5 5 4 1 1 . . . . Highest-Rated Group 140 | . . 31 . 88 88 51 51 140 140 112 28 28 . . . . Highest-Rated Ally 31 | . . 31 . 31 31 31 31 28 28 28 28 28 . . . . Initial Warlord ECA Mod 26 | . . . . . . 13 13 . . . . . . . . . Total Orders 13 | . . . . . . . 3 . 4 2 . 4 . . . . STAY 6 | . . . . . . . 1 . 2 1 . 2 . . . . FOLLOW 6 | . . . . . . . 1 . 2 1 . 2 . . . . GUARD 1 | . . . . . . . 1 . . . . . . . . . Ally Attacks 220 | . . 4 . 7 113 . 14 9 25 30 . 18 . . . . Total Damage 3181 | . . 83 . 92 1006 . 253 177 471 514 . 585 . . . . Kills 36 | . . 2 . 2 15 . 2 3 5 5 . 2 . . . . Allies Corrupted . | . . . . . . . . . . . . . . . . . Allies Melted 4 | . . . . . . . 4 . . . . . . . . . Turrets Deployed 1 | . . . . . . . . . . . . 1 . . . . Intel | -11 -10 -10 -9 -9 -9 -9 -9 -6 -6 -6 -6 -6 -5 -5 -5 -5 ------- Run | Yrd Mat Min Mat Sto Gar Rec Scr Fac Low Low Zio Dee Pro Fac Upp Upp Active Infowar (turns) 7226 | 446 285 . . . 23 . 150 315 956 857 1317 331 1420 855 227 44 Optics 309 | . . . . . . . . . . . . . . 38 227 44 IFF 6013 | . . . . . . . . 315 956 857 1317 331 1420 817 . . Terrain 588 | 446 142 . . . . . . . . . . . . . . . Structural 150 | . . . . . . . 150 . . . . . . . . . Seismic 166 | . 143 . . . 23 . . . . . . . . . . . Robot Analysis Total 4 | . . . . . . . 4 . . . . . . . . . Derelict Logs Recovered 5 | . . 1 . . . . . . 1 1 . . . . 2 . Drone Launches . | . . . . . . . . . . . . . . . . . Drone Recoveries . | . . . . . . . . . . . . . . . . . Exploration | -11 -10 -10 -9 -9 -9 -9 -9 -6 -6 -6 -6 -6 -5 -5 -5 -5 ------------- Run | Yrd Mat Min Mat Sto Gar Rec Scr Fac Low Low Zio Dee Pro Fac Upp Upp Turns Passed 24504 | 874 1386 1294 2154 1594 1486 938 4632 1625 956 857 1320 2600 1420 1097 227 44 Spaces Moved 14801 | 452 924 775 999 717 796 597 2983 972 782 646 1114 1777 403 472 329 63 Core 784 | 164 . . . . . . 179 . . . . . . 50 328 63 Treads . | . . . . . . . . . . . . . . . . . Legs 777 | . . . . . . . . . . . . 4 403 370 . . Wheels 13240 | 288 924 775 999 717 796 597 2804 972 782 646 1114 1773 . 52 1 . Hover . | . . . . . . . . . . . . . . . . . Flight . | . . . . . . . . . . . . . . . . . Fastest Speed 50 | 50 80 140 155 140 145 130 50 80 115 109 109 99 210 50 50 50 Average Speed 131 | 138 123 140 155 154 146 143 137 114 115 115 109 107 210 179 50 50 Slowest Speed 260 | 250 215 215 230 155 155 145 155 140 115 120 109 260 210 215 100 50 Overloaded Moves . | . . . . . . . . . . . . . . . . . Propulsion Burnouts . | . . . . . . . . . . . . . . . . . Robots Hopped . | . . . . . . . . . . . . . . . . . Potential Cave-ins . | . . . . . . . . . . . . . . . . . Cave-ins Triggered . | . . . . . . . . . . . . . . . . . Exploration Rate (%) 65 | 6 97 97 80 92 80 97 92 25 77 66 85 74 59 18 53 16 Regions Visited 16 Branch Regions 11 Pre-discovered Areas 15 | . 1 1 2 . . 5 4 . . . 2 . . . . . Known Exits Taken 9 | . 1 . 1 1 . . . 1 1 1 . . 1 1 1 . Unknown Exits Taken 6 | 1 . 1 . . . 1 1 . . . 1 1 . . . . Scrap Searched 27 | . . 2 . . . . 9 . 8 1 3 . 1 . 3 . Spaces Dug 72 | . 6 . 1 . . . 2 7 . . . . 44 8 4 . Terrain Destroyed 525 | . 38 105 19 18 11 . 2 11 . . . 190 86 41 4 . Melee 7 | . . . . . . . . . . . . . . 3 4 . Projectile 63 | . . . 11 10 . . 2 11 . . . 1 17 11 . . AOE 455 | . 38 105 8 8 11 . . . . . . 189 69 27 . . Terrain Rammed . | . . . . . . . . . . . . . . . . . Walls Destroyed . | . . . . . . . . . . . . . . . . . Machines Disabled . | . . . . . . . . . . . . . . . . . Actions | -11 -10 -10 -9 -9 -9 -9 -9 -6 -6 -6 -6 -6 -5 -5 -5 -5 --------- Run | Yrd Mat Min Mat Sto Gar Rec Scr Fac Low Low Zio Dee Pro Fac Upp Upp Total 18786 | 596 1092 970 1456 1051 979 646 3512 1286 823 736 1166 2447 952 625 379 70 Wait 2460 | 60 52 164 308 177 18 13 369 66 18 34 2 552 527 57 41 2 Move 14785 | 451 923 774 998 716 795 596 2982 971 781 645 1113 1776 402 471 328 63 Hop . | . . . . . . . . . . . . . . . . . Pick Up 209 | 10 30 8 29 13 4 . 49 26 2 3 4 28 1 2 . . Fast Attach 48 | 7 1 . 1 1 2 . 3 12 . 4 4 9 . 2 2 . Attach 47 | . 2 1 3 . 3 1 8 14 1 . . 7 . 7 . . Detach 7 | . . . . . . 2 . . . . . 3 . 2 . . Swap 168 | 2 23 7 19 16 13 5 21 21 6 6 6 18 4 1 . . Drop 241 | 3 19 8 31 17 2 8 52 26 4 7 10 38 6 9 1 . Fire 388 | 63 42 8 67 51 65 17 6 25 . 1 . 15 10 18 . . Melee 234 | . . . . . . 4 22 110 11 16 . 1 2 56 7 5 Ram . | . . . . . . . . . . . . . . . . . Kick . | . . . . . . . . . . . . . . . . . Crush . | . . . . . . . . . . . . . . . . . Escape Stasis 77 | . . . . 40 29 . . 8 . . . . . . . . Rewire 66 | . . . . . 40 . . 6 . 20 . . . . . . Trap . | . . . . . . . . . . . . . . . . . Miscellaneous 56 | . . . . 20 8 . . 1 . . 27 . . . . . Route ------- -11/Scrapyard -10/Materials (discovered 5 exits: *Mat x3 / *Min x2) -10/Mines (discovered 2 exits: *Mat x2) -9/Materials (discovered 6 exits: *Mat x3 / [*Min] / *Sto x2) -9/Storage (discovered 2 exits: *Mat / Gar) -9/Garrison (discovered 3 exits: *Rec x3) -9/Recycling (discovered 2 exits: [*Fac] / *Scr) -9/Scraptown (discovered 2 exits: *Fac x2) -6/Factory (discovered 5 exits: Fac x3 / *Low x2) -6/Lower Caves -6/Lower Caves (discovered 2 exits: *Fac / *Zio) -6/Zion (discovered 2 exits: [*Dee] / *Pro) -6/Deep Caves -5/Proximity Caves -5/Factory -5/Upper Caves -5/Upper Caves (discovered 2 exits: *Fac / Zhi) History --------- Turn | Location | Event 21 | -11/Scrapyard | Discovered new exit (range 16) 875 | -11/Scrapyard | Entered Materials 876 | -10/Materials | Build established: Mutant 918 | -10/Materials | Discovered new exit (range 15) 1090 | -10/Materials | Discovered new exit (range 7) 1169 | -10/Materials | Discovered new exit (range 9) 1242 | -10/Materials | Discovered new exit (range 13) 1247 | -10/Materials | Central database locked down 1606 | -10/Materials | Discovered new exit (range 10) 1885 | -10/Materials | Identified exit to Mines 2174 | -10/Materials | Core integrity fell below 50% 2261 | -10/Materials | Entered Mines 2292 | -10/Mines | Met a Derelict bent on vengeance 2444 | -10/Mines | Discovered new exit (range 14) 2503 | -10/Mines | Discovered new exit (range 8) 2532 | -10/Mines | Deemed a non-threat by the Exiles lab entrance 2788 | -10/Mines | Met a Derelict testing a Signal Generator 3252 | -10/Mines | Met a Derelict who couldn't figure out how to use a Trap Extractor 3555 | -10/Mines | System corruption reached 10% 3555 | -10/Mines | Entered Materials 3555 | -9/Materials | Evolved 2 slots: Weapon x2 3661 | -9/Materials | Discovered new exit (range 8) 3830 | -9/Materials | Discovered new exit (range 16) 4023 | -9/Materials | Build established: Scavenger-Bomber 4100 | -9/Materials | Discovered new exit (range 11) 4403 | -9/Materials | Discovered new exit (range 16) 4408 | -9/Materials | Discovered new exit (range 13) 4462 | -9/Materials | Identified exit to Storage 4541 | -9/Materials | Build established: Bomber 4640 | -9/Materials | Discovered new exit (range 8) 5478 | -9/Materials | Learned location of Zion (-6) 5523 | -9/Materials | Loaded intel: 3 trap records 5588 | -9/Materials | Learned location of 2 exits from Materials 5633 | -9/Materials | Learned Materials trap positions 5709 | -9/Materials | Entered Storage 5710 | -9/Storage | Identified exit to Materials 5735 | -9/Storage | Build established: Gunner 6262 | -9/Storage | Repaired Ion Cannon 6536 | -9/Storage | Identified exit to Garrison 6976 | -9/Storage | Met a pair of Derelict thieves 7093 | -9/Storage | Destroyed 7 combat bots 7158 | -9/Storage | Assisted by bots powering up and referring to "LRC-V3" 7303 | -9/Storage | Entered Garrison 7303 | -9/Garrison | Accompanied by 10 allies 7355 | -9/Garrison | Triggered checkpoint 7404 | -9/Garrison | Garrison Relay disabled 7458 | -9/Garrison | Build established: Commander-Gunner 7480 | -9/Garrison | Triggered checkpoint 7481 | -9/Garrison | Triggered checkpoint 7493 | -9/Garrison | Triggered checkpoint 7544 | -9/Garrison | Lost 3 allies 7572 | -9/Garrison | Triggered checkpoint 7600 | -9/Garrison | Garrison Relay disabled 7619 | -9/Garrison | Lost 3 allies 7685 | -9/Garrison | Discovered new exit (range 8) 7734 | -9/Garrison | Garrison Relay disabled 7736 | -9/Garrison | Garrison Relay disabled 7741 | -9/Garrison | Garrison Relay disabled 7749 | -9/Garrison | Garrison Relay disabled 7870 | -9/Garrison | Discovered new exit (range 15) 7873 | -9/Garrison | Build established: Gunner 7970 | -9/Garrison | Lost 3 allies 8048 | -9/Garrison | Discovered new exit (range 65) 8048 | -9/Garrison | Discovered new exit (range 62) 8048 | -9/Garrison | Discovered new exit (range 17) 8052 | -9/Garrison | Triggered checkpoint 8108 | -9/Garrison | Garrison Relay disabled 8110 | -9/Garrison | Garrison Relay disabled 8395 | -9/Garrison | Triggered checkpoint 8425 | -9/Garrison | Triggered checkpoint 8446 | -9/Garrison | Garrison Relay disabled 8789 | -9/Garrison | Entered Recycling 8789 | -9/Recycling | Accompanied by 2 allies 9165 | -9/Recycling | Discovered new exit (range 16) 9681 | -9/Recycling | Scanned before Scraplab entrance 9720 | -9/Recycling | Discovered new exit (range 3) 9727 | -9/Recycling | Entered Scraptown 9727 | -9/Scraptown | Accompanied by 2 allies 9928 | -9/Scraptown | System corruption cleaned by C-Scrubber 9972 | -9/Scraptown | Build established: Mutant 10126 | -9/Scraptown | Visited Shadow of the Wyrm 10159 | -9/Scraptown | Visited Bundlers 10254 | -9/Scraptown | Visited The Evicted 10281 | -9/Scraptown | Visited Fellowship of the Rings 10335 | -9/Scraptown | Visited Comm Corps 10387 | -9/Scraptown | Visited SPCMW 10394 | -9/Scraptown | Visited Cyclists 10613 | -9/Scraptown | Discovered new exit (range 11) 10727 | -9/Scraptown | Visited UFD Registry 10727 | -9/Scraptown | Registered with UFD as "Boltrunner" 10752 | -9/Scraptown | Entered Cyclist Reading Room 10847 | -9/Scraptown | Visited Analyses Database 10875 | -9/Scraptown | Visited Scrap Suit Storage 11033 | -9/Scraptown | Visited DA-N13 Charitable Foundation 11045 | -9/Scraptown | Found DCF Scrap (30 items) 11071 | -9/Scraptown | Visited Infowarlord's Domain 11090 | -9/Scraptown | Visited A0-MCA Data Center 11110 | -9/Scraptown | Given a B+ rating by A0-MCA 11113 | -9/Scraptown | Found A0-MCA's Component Scanner 11142 | -9/Scraptown | Visited Curators Association 11194 | -9/Scraptown | Visited Sword Containment 11282 | -9/Scraptown | Received an X-ray algorithm 11335 | -9/Scraptown | Visited Cartography Club 11407 | -9/Scraptown | Build established: Gunner 11664 | -9/Scraptown | Learned location of Testing (-3) 11664 | -9/Scraptown | Learned 16 Materials zone layouts 11664 | -9/Scraptown | Learned 8 Factory zone layouts 11664 | -9/Scraptown | Learned 20 Factory zone layouts 11664 | -9/Scraptown | Learned 8 Research zone layouts 11664 | -9/Scraptown | Learned 8 Access zone layouts 11664 | -9/Scraptown | Learned 4 Mines zone layouts 11664 | -9/Scraptown | Learned 4 Recycling zone layouts 11664 | -9/Scraptown | Learned 12 Lower Caves zone layouts 11664 | -9/Scraptown | Learned 20 Lower Caves zone layouts 11664 | -9/Scraptown | Learned 24 Proximity Caves zone layouts 11664 | -9/Scraptown | Learned Storage emergency access door positions 11664 | -9/Scraptown | Learned location of 1 exit from Factory 11664 | -9/Scraptown | Learned location of 3 exits from Upper Caves 11664 | -9/Scraptown | Learned location of 1 exit from Proximity Caves 11691 | -9/Scraptown | Found Deep Structural Scanner 11929 | -9/Scraptown | Discovered new exit (range 5) 12232 | -9/Scraptown | Found Spectral Analyzer 13806 | -9/Scraptown | Met Optimus 13806 | -9/Scraptown | Accepted into 0bPrime 14206 | -9/Scraptown | Civil war broke out across Scraptown 14212 | -9/Scraptown | Found Deploy-a-Sentry 14238 | -9/Scraptown | Found Ballwheel 14337 | -9/Scraptown | Lost 10 allies 14359 | -9/Scraptown | Entered Factory 14359 | -6/Factory | Evolved 6 slots: Propulsion x2, Utility x3, Weapon x1 14360 | -6/Factory | Identified exit to Lower Caves 14361 | -6/Factory | Identified exit to Factory 14829 | -6/Factory | Lost 3 parts (3w) 14935 | -6/Factory | Lost 5 parts (1n2u2w) 15190 | -6/Factory | Build established: Scavenger-Gunner 15332 | -6/Factory | Found Prototype Launcher 15332 | -6/Factory | Identified Scatter Rocket Array 15873 | -6/Factory | Scrapoids reinforcements arrived? 15964 | -6/Factory | Build established: Scavenger-Skirmisher 15984 | -6/Factory | Entered Lower Caves 15984 | -6/Lower Caves | Accompanied by 5 allies 15985 | -6/Lower Caves | Identified exit to Lower Caves 16137 | -6/Lower Caves | Learned 8 Factory zone layouts 16392 | -6/Lower Caves | Build established: Scavenger-Gunner 16494 | -6/Lower Caves | P-60 Hacker assimilated allied 06F02-D 16503 | -6/Lower Caves | Found Scrap Suit 16940 | -6/Lower Caves | Entered another Lower Caves area 16940 | -6/Lower Caves | Accompanied by 4 allies 16941 | -6/Lower Caves | Identified exit to Zion 17266 | -6/Lower Caves | Learned Factory terminal intel 17638 | -6/Lower Caves | Found Scrap Suit 17658 | -6/Lower Caves | Found Scrap Suit 17797 | -6/Lower Caves | Entered Zion 17797 | -6/Zion | Accompanied by 1 ally 17798 | -6/Zion | Identified exit to Proximity Caves 17857 | -6/Zion | System corruption cleaned by Quarantine Array 17906 | -6/Zion | Found CR-A16's Pointy Stick 18136 | -6/Zion | Learned location of Quarantine (-2) 18238 | -6/Zion | Build established: Scavenger-Skirmisher 18332 | -6/Zion | Turned away by Imprinter 18481 | -6/Zion | Given the Hacking Drone Bay 18481 | -6/Zion | Found Prototype Device 18481 | -6/Zion | Identified Hacking Drone Bay 18813 | -6/Zion | Discovered new exit (range 5) 18818 | -6/Zion | Saw the warning signs outside the Deep Caves entrance 19117 | -6/Zion | Entered Deep Caves 19117 | -6/Deep Caves | Accompanied by 1 ally 19252 | -6/Deep Caves | DAS Turret deployed 19268 | -6/Deep Caves | Attacked by Z-Imprinter 19279 | -6/Deep Caves | Destroyed Z-Imprinter 19281 | -6/Deep Caves | Core integrity fell below 50% 19331 | -6/Deep Caves | Found Prototype Device 19331 | -6/Deep Caves | Identified Zio. Metafield Generator 19363 | -6/Deep Caves | Found Prototype Protection 19370 | -6/Deep Caves | Identified Zio. Weapon Casing 19489 | -6/Deep Caves | Z-Facility disabled 19754 | -6/Deep Caves | Found Surveybot 24 Chip 19836 | -6/Deep Caves | Found Scrap Suit 19855 | -6/Deep Caves | Found Zio. Weapon Casing 19937 | -6/Deep Caves | Build established: Scavenger-Scrapper 20311 | -6/Deep Caves | Discovered new exit (range 7) 21033 | -6/Deep Caves | Spotted AG-95770 21068 | -6/Deep Caves | Destroyed AG-95770 21074 | -6/Deep Caves | Found GOLEM Unit 21717 | -6/Deep Caves | Entered Proximity Caves 21755 | -5/Proximity Caves | Build established: Scavenger-Golem 23137 | -5/Proximity Caves | Entered Factory 23137 | -5/Factory | Evolved 2 slots: Power x1, Utility x1 23138 | -5/Factory | Identified exit to Upper Caves 23140 | -5/Factory | Loaded intel: 26 terminal locations 24065 | -5/Factory | Forged Quantum Companion 24112 | -5/Factory | Cargo convoy interrupted 24112 | -5/Factory | Lost 7 parts (2n2u3w) 24122 | -5/Factory | Core integrity fell below 50% 24123 | -5/Factory | System corruption reached 10% 24135 | -5/Factory | Destroyed 13 combat bots 24153 | -5/Factory | Lost 7 parts (1p1n2u3w) 24209 | -5/Factory | Spotted B-75 Beast 24213 | -5/Factory | Core integrity fell below 20% 24234 | -5/Factory | Entered Upper Caves 24235 | -5/Upper Caves | Identified exit to Upper Caves 24242 | -5/Upper Caves | Lost 9 parts (2n7u) 24253 | -5/Upper Caves | Spotted B-75 Beast 24330 | -5/Upper Caves | Learned Factory stockpile data 24378 | -5/Upper Caves | Learned Factory interactive machine intel 24411 | -5/Upper Caves | Build established: Mutant 24437 | -5/Upper Caves | Tech Extrapolator generated special schematic: Energy Deflector 24461 | -5/Upper Caves | Entered another Upper Caves area 24462 | -5/Upper Caves | Identified exit to Zhirov 24462 | -5/Upper Caves | Identified exit to Factory 24505 | -5/Upper Caves | Destroyed by S-27 Virus with Autogun Last Messages --------------- 24458_ Found 60 Matter. 24459_ Acquired 7 matter. LOCATION=UPPER CAVES GOAL=ESCAPE Loading 2 Upper Caves exits... 24463_ Sneak attack on Z4-ZP1(S). 24463_ Destroyed Med. Treads. 24465_ Sneak attack on Z4-ZP1(S). 24465_ Destroyed Com. Battery. 24465_ Destroyed Neutrino Core. 24465_ Z4-ZP1(S) destroyed. 24470_ System corrupted: Matter fused (-5). 24473_ Sneak attack on I6-HVO(S). 24473_ Destroyed Neutrino Core. 24473_ Destroyed Med. Treads. 24473_ I6-HVO(S) destroyed. 24474_ Acquired 5 matter. 24482_ Sneak attack on OF-741(r). 24482_ OF-741(r) destroyed. 24504_ Com. Wheel destroyed. Map ----- +----------------------------------------------------+ | ?????????????????????????????????????????????????? | | ?????????????????????????????????????????????????? | | ?????????????????????????????????????????????????? | | ?????????????????????????????????????????????????? | | ?????????????????????????????????????????????????? | | ?????????????????????????????????????????????????? | | ?????????????????????????????????????????????????? | | ?????????????????????????????????????????????????? | | ?????????????????????????????????????????????????? | | ?????????????????????????????????????????????????? | | ???????????????????????????????????????????????### | | ??????????????????????#####???????????????????## | | ?????????????????###### ##?????????????????## | | ?????????????????# ###???????????????# | | ?????????????????# #???????????????# | | ????????????????## ??#####?????????# | | ????????????????# ? ?## ##????????# ### | | ????? ?????????# ??# #?# #????????# #?# | | ?????? ####### ?## ### #????????# #?? | | ?????? $ ## ## #????????# ### | | ?????? ##???????# %! | | ???????????????# ##??????##### | | ???????????????# ## ###????????? | | ???????????????# ### ##??###### | | ???????????????## #?## #??# | | ????????????????## @#####??## ##??# | | ?????????????????#####sss##???????## ##### ## | | ?????????????????????# s#?????????# ## ## ## | | ?????????????????????# #????????# # | | ?????????????????????# #???????## | | ?????????????????????## ???????## ##### | | ??????????????????????# ???????# #???## | | ??????????????????????# #### ??????# #????### | | ??????????????????????# #???###????# #??????# | | ??????????????????????# #?????????# ##??????? | | ??????????????????????# #????????# #???????? | | ??????????????????????# #????????# ???????? | | ??????????????????????## #??????? ???????? | | ???????????????????????< ?????? ??????? | | ??????????????????????? #?????##### ??????? | | ???????????????????????# ?????????## ?????? | | ????????????????????????# ??????????# ?????? | | ?????????????????????????#??????????# ###????? | | ????????????????????????????????????#######??????? | | ?????????????????????????????????????????????????? | | ?????????????????????????????????????????????????? | | ?????????????????????????????????????????????????? | | ?????????????????????????????????????????????????? | | ?????????????????????????????????????????????????? | | ?????????????????????????????????????????????????? | +----------------------------------------------------+ Best States ------------- Heat Dissipation 92 Energy Generation 45 Energy Capacity 1290 Matter Stores 300 Matter Capacity 300 Sight Range 24 Terrain Scan Range 16 Terrain Scan Density 10 Armor Coverage 400 Resistance: KI 20 Weapon Shielding 100 Phase Shifting 5 Evasion (%) 50 Targeting Accuracy 16 Melee Accuracy 8 Trap Extractor Capacity 6 Item Schematics ----------------- Heat Sink | -10/Materials | Hacked Imp. Trap Extractor | -9/Materials | Scanalyzed Wheel | -9/Materials | Scanalyzed Sml. Laser | -9/Materials | Scanalyzed Arm. Wheel | -9/Materials | Scanalyzed Targeting Computer | -9/Storage | Hacked Gatling Laser | -9/Storage | Hacked Energy Filter | -9/Storage | Hacked Cargo Storage Unit | -9/Recycling | Hacked Lgt. Ion Engine | -9/Recycling | Hacked Flamer | -6/Zion | Free Barrage Gun | -6/Zion | Free Mak. Coolant Network | -5/Upper Caves | Extrapolated Mak. Thermal Plating | -5/Upper Caves | Extrapolated Energy Deflector | -5/Upper Caves | Extrapolated Robot Schematics ------------------ M-13 Machinist | -10/Materials | Hacked Fabricated ------------ Nothing Repaired ---------- Ion Cannon | 27% | -9/Storage Alien Tech Used ----------------- None Achievements -------------- None Challenges ------------ None Game ------ Seed HardcellInsulationTearclaws Manual? 0 Play Time 03:19:06 Cumulative 1248.7 hours Start 2025.08.15 @ 00:45:53 End 2025.08.16 @ 03:54:42 Sessions 2 Manual Loads 0 Difficulty Rogue Special Mode None Game No. 594 Rogue 594 Adventurer 0 Explorer 0 Win Type - Total 23 Types 10/4/3/0/1/1/2/2/0/0 Lore% 91 Gallery% 90 Achievement% 84 Wizard Run 0 Options --------- Layout 0 ASCII 0 Keyboard 0 Movement Numpad Keybinds 0 Fullscreen 2 Font 24/Smallcaps Map View 76x50 Zoom Use 0% Tactical HUD 1 Map Filters NONE Filters SHIFT_HUE(315) Steam 1 RUN: 3e9c3955-7562-4fe6-bcf6-145ecf4aa71e